 Dungeon Crawl Stone Soup version 0.20.1-1-g8b1a95d (webtiles) character file.

765 Liatris the Chopper (level 7, -6/53 HPs)
             Began as a Demonspawn Gladiator on Aug 9, 2017.
             Was a Follower of Makhleb.
             Killed by nerve-wracking pain
             ... invoked by Grinder
              (12 damage)
             ... on level 5 of the Dungeon.
             The game lasted 00:31:38 (4249 turns).

Liatris the Chopper (Demonspawn Gladiator)          Turns: 4249, Time: 00:31:39

Health: -6/53      AC:  6    Str: 16    XL:     7   Next: 52%
Magic:  16/16      EV: 11    Int:  9    God:    Makhleb [*.....]
Gold:   333        SH:  8    Dex: 15    Spells: 6/6 levels left

rFire    + . .     SeeInvis .   j - +2 rapier (venom)
rCold    . . .     Gourm    .   h - +0 shield
rNeg     . . .     Faith    .   b - +0 leather armour
rPois    .         Spirit   .   c - +0 helmet
rElec    .         Reflect  .   (no cloak)
rCorr    .         Harm     .   l - +0 pair of gloves
MR       .....                  e - +0 pair of boots
Stlth    +++.......             t - amulet of regeneration
Regen    0.6/turn               r - ring of protection from fire
MPRegen  0.2/turn               s - ring of magical power

@: about to teleport
A: nightstalker 1, sturdy frame 1
a: Renounce Religion


You were on level 5 of the Dungeon.
You worshipped Makhleb.
Makhleb was aware of your devotion.
You were not hungry.

You visited 1 branch of the dungeon, and saw 5 of its levels.

You collected 333 gold pieces.

Inventory:

Hand Weapons
 a - a +2 war axe
 j - a +2 rapier of venom (weapon)
 p - a +0 war axe
Missiles
 d - 3 throwing nets (quivered)
Armour
 b - a +0 leather armour (worn)
 c - a +0 helmet (worn)
 e - a +0 pair of boots (worn)
 h - a +0 shield (worn)
 l - a +0 pair of gloves (worn)
Jewellery
 k - an uncursed amulet of harm
 q - an uncursed ring of magical power
 r - a ring of protection from fire (left hand)
 s - a ring of magical power (right hand)
 t - an amulet of regeneration (around neck)
Wands
 n - a wand of lightning (4/15)
Scrolls
 i - 4 scrolls of teleportation
 m - 2 scrolls of remove curse
Potions
 u - 2 potions of flight {unknown}
Comestibles
 f - 2 bread rations
 g - 3 meat rations
 o - 2 fruits


   Skills:
 + Level 3.7 Fighting
 + Level 2.0 Short Blades
 + Level 5.0 Axes
 + Level 1.8 Throwing
 + Level 2.3 Armour
 + Level 4.0 Dodging
 + Level 1.4 Stealth
 + Level 2.1 Shields


You had 6 spell levels left.
You didn't know any spells.

Dungeon Overview and Level Annotations

Branches:
Dungeon (5/15)
 Temple: D:4-7

Altars:
Ashenzari
Makhleb
Okawaru
Sif Muna
Trog

Annotations:
D:5 Grinder


Innate Abilities, Weirdness & Mutations

You are slightly more attuned to the shadows.
Your movements are slightly less encumbered by armour. (ER -2)


Message History

Grinder is lightly wounded.
The iguana closely misses you. Grinder gestures at you.
Pain shoots through your body!
The iguana bites you but does no damage.
You closely miss Grinder.
Grinder is lightly wounded.
Grinder hits you.
You writhe in agony.
The iguana bites you!
You hit Grinder.
Grinder is poisoned.
Grinder is lightly wounded.
Grinder hits you. The iguana closely misses you.
As you read the scroll of teleportation, it crumbles to dust.
You feel strangely unstable. Grinder hits you!
* * * LOW HITPOINT WARNING * * *
You writhe in agony.
* * * LOW HITPOINT WARNING * * *
You block the iguana's attack. Grinder gestures at you.
Pain shoots through your body!
You die...

....................##
........)............##
.........(............#
......†...............#
......................#
......................##
.........................
.)....................###
....[....@............#
.....l..............#
......5............##
..................##
....................
..................###
...............#..#
...............#..#
.........#.# .#


You could see Grinder and an iguana.

Vanquished Creatures
  Eustachio (D:4)
  A sky beast (D:5)
  Blork the orc (D:4)
  3 orc wizards
  A hound (D:4)
  3 orc priests
  An iguana (D:4)
  Jessica (D:2)
  Natasha (twice) (D:2)
  A worker ant (D:4)
  5 adders
  An ooze (D:4)
  2 worms
  3 dart slugs
  2 leopard geckos (D:2)
  7 orcs
  5 bats
  5 giant cockroaches
  8 goblins
  3 hobgoblins
  3 jackals (D:2)
  6 kobolds
  A quokka (D:3)
  5 ball pythons
  3 frilled lizards
  A leopard gecko zombie (D:5)
  10 rats
85 creatures vanquished.

Notes
Turn   | Place    | Note
-------+----------+-------------------------------------------
     0 | D:1      | Liatris the Demonspawn Gladiator began the quest for the Orb.
     0 | D:1      | Reached XP level 1. HP: 16/16 MP: 1/1
   244 | D:1      | Reached skill level 3 in Axes
   247 | D:1      | Gained mutation: Your movements are slightly less encumbered by armour. (ER -2) [demonic ancestry]
   247 | D:1      | Reached XP level 2. HP: 17/22 MP: 2/2
   862 | D:2      | Noticed Jessica
   876 | D:2      | Killed Jessica
   876 | D:2      | Reached XP level 3. HP: 24/28 MP: 3/3
   940 | D:2      | Found a shattered altar of Ashenzari.
   983 | D:2      | You fall through a shaft for 2 floors!
  1013 | D:2      | Found a burning altar of Makhleb.
  1015 | D:2      | Noticed a cacodemon
  1019 | D:2      | Noticed an orange demon
  1019 | D:2      | Noticed a hellwing
  1022 | D:2      | Became a worshipper of Makhleb the Destroyer
  1085 | D:2      | Noticed Natasha
  1094 | D:2      | Killed Natasha
  1094 | D:2      | Reached skill level 1 in Armour
  1094 | D:2      | Reached skill level 1 in Shields
  1094 | D:2      | Reached XP level 4. HP: 20/34 MP: 4/4
  1461 | D:2      | Noticed Natasha
  1470 | D:2      | Killed Natasha
  1936 | D:3      | Found a bloodstained altar of Trog.
  1995 | D:3      | Gained mutation: You are slightly more attuned to the shadows. [demonic ancestry]
  1995 | D:3      | Reached XP level 5. HP: 39/39 MP: 5/5
  2333 | D:3      | Reached skill level 4 in Axes
  2555 | D:3      | Reached * piety under Makhleb
  3206 | D:4      | Reached skill level 1 in Stealth
  3206 | D:4      | Reached XP level 6. HP: 43/47 MP: 6/6
  3260 | D:4      | Noticed Eustachio
  3305 | D:4      | Killed Eustachio
  3494 | D:4      | Noticed Blork the orc
  3619 | D:4      | Killed Blork the orc
  3619 | D:4      | Reached XP level 7. HP: 39/52 MP: 7/7
  3729 | D:4      | Reached skill level 1 in Short Blades
  3934 | D:4      | Found an iron altar of Okawaru.
  3934 | D:4      | Found a deep blue altar of Sif Muna.
  4130 | D:5      | Entered Level 5 of the Dungeon
  4130 | D:5      | Found a bloodstained altar of Trog.
  4142 | D:5      | Reached skill level 5 in Axes
  4240 | D:5      | Noticed Grinder
  4249 | D:5      | Killed from afar by Grinder

Skill      XL: |  1  2  3  4  5  6  7 |
---------------+----------------------+-----
Axes           | 3 4 5 |  5.0
Dodging        | 3 4 |  4.0
Armour         | 1 2 |  2.3
Shields        | 1 2 |  2.1
Fighting       | 3 |  3.7
Stealth        | 1 |  1.4
Short Blades   | 2 |  2.0
Throwing       | |  1.8

Action                   |  1- 3 |  4- 6 |  7- 9 || total
-------------------------+-------+-------+-------++-------
Melee: War axe           |    71 |   170 |       ||   241
       Rapier            |       |    13 |    49 ||    62
Evoke: Wand              |       |     2 |       ||     2
  Use: Scroll            |     5 |     5 |     3 ||    13
       Potion            |     3 |     5 |     3 ||    11
 Stab: Sleeping          |       |     3 |     1 ||     4
  Eat: Royal jelly       |     1 |       |       ||     1
       Bread ration      |       |     1 |       ||     1
       Meat ration       |       |     1 |       ||     1
Armor: Leather armour    |    12 |    68 |     9 ||    89
Dodge: Dodged            |    35 |    81 |    11 ||   127
Block: Shield            |    21 |    77 |     9 ||   107
